 Dungeon Crawl Stone Soup version 0.31-a0-435-g2c6fae2916 (webtiles) character file.

Game seed: 12530677836935907228

70 Maxmaps the Trooper (level 4, -1/33 HPs)
             Began as an Octopode Shapeshifter on Aug 1, 2023.
             Slain by a gnoll
             ... wielding a +2 flail of protection
              (15 damage)
             ... on level 2 of the Dungeon.
             The game lasted 00:00:55 (977 turns).

Maxmaps the Trooper (Octopode Shapeshifter)          Turns: 977, Time: 00:00:55

Health: -1/33      AC:  1    Str: 14    XL:     4   Next: 22%
Magic:  4/4        EV: 13    Int: 12    God:
Gold:   66         SH:  0    Dex: 12    Spells: 3/3 levels left

rFire   . .          .
                       - Unarmed
rCold   . . .        (no shield)
rNeg    . . .        (helmet currently unavailable)
rPois   .            (no amulet)
rElec   .            (no ring)
rCorr   .            (no ring)
SInv    .            (no ring)
Will    .....        (no ring)
Stlth   ++           (no ring)
HPRegen 0.25/turn    (no ring)
MPRegen 0.09/turn    (no ring)
                     (no ring)

%: no passive effects
@: beast-form
A: beast (slay +2), almost no armour, amphibious, 8 rings, camouflage 1,
gelatinous body 1, (nimble swimmer 1), tentacles
a: Begin Untransformation


You were on level 2 of the Dungeon.
You were a hulking beast.
You visited 1 branch of the dungeon, and saw 2 of its levels.

You collected 66 gold pieces.

Inventory:

Talismans
 b - a beast talisman (active)
Scrolls
 e - a scroll of vulnerability {unknown}
 f - a scroll of teleportation {unknown}
Potions
 a - a potion of lignification
 c - a potion of heal wounds {unknown}
 d - a potion of might {unknown}


   Skills:
 + Level 3.9 Fighting
 - Level 2.0 Dodging
 - Level 3.0 Unarmed Combat
 - Level 3.0 Shapeshifting


You had 3 spell levels left.
You didn't know any spells.
Your spell library was empty.

Dungeon Overview and Level Annotations

Branches:
Dungeon (2/15)

Altars:


Innate Abilities, Weirdness & Mutations

You are a hulking beast.
Your limbs bulge with bestial killing power. (Slay +2)
You cannot wear most types of armour.
You are amphibious.
You can wear up to eight rings at the same time.
Your skin changes colour to match your surroundings (Stealth+).
Your rubbery body absorbs attacks. (AC +1, EV +1)
((You are camouflaged when in or above water. (Stealth+)))
You have tentacles for arms and can constrict up to eight enemies at once.


Message History

No target in view!
No target in view!
No target in view!
No target in view!
No target in view!
No target in view!
No target in view!
No target in view!
A worm and a gnoll come into view.
The gnoll is wielding a +2 flail of protection.
Found a scroll labelled HYSSEQ IFRAF.
The gnoll moves out of view.
A gnoll comes into view. It is wielding a +2 spear of venom.
There are monsters nearby!
A ball python comes into view.
The ball python hisses angrily.
The gnoll shouts! x2; You hear a shout!
There are monsters nearby!
The gnoll shouts!
The ball python attacks as you move away!
The ball python misses you.
You tentacle-slap the ball python.
You kill the ball python!
There is an open door here.
There is an open door here.
The gnoll hits you with a +2 flail of protection!
There is an open door, spattered with blood here.
You tentacle-slap the gnoll but do no damage.
You grab the gnoll. You squeeze the gnoll.
The gnoll is lightly wounded.
You constrict the gnoll, but do no damage.
The gnoll closely misses you.
You tentacle-slap the gnoll but do no damage.
You squeeze the gnoll!
The gnoll is almost dead.
You constrict the gnoll.
The gnoll hits you with a +2 flail of protection!
You tentacle-slap the gnoll but do no damage.
The gnoll is almost dead.
You constrict the gnoll, but do no damage.
The gnoll hits you with a +2 flail of protection!
You die...

......##.#.###### #..#.........
.#.......#.##...###.##.........
.#.......#.##...##..##.........
.'.......'.##...#..###.........
##.......#.##.....## #.........
#.......#.##....## #?........
#.......#.##...## #.........
#########.#....######.........
###......hggg...........
########........###w..?.......#
......##.#.#....# #...........#
...>..+..#.#....# ####........#
......#..#.#.#### #........#
...)..#>.#..<# #.....^...
......#.####.# #.........
..)...#.####.#.# #.........
<.....'......... .......


You could see a worm and 3 gnolls.

Vanquished Creatures
  Terence (D:2)
  An adder (D:2)
  2 dart slugs
  4 bats
  6 endoplasms
  A giant cockroach (D:2)
  A goblin (D:2)
  5 hobgoblins
  2 ball pythons (D:2)
  2 frilled lizards (D:2)
  4 kobolds
  A rat (D:1)
30 creatures vanquished.

Notes
Turn   | Place    | Note
-------+----------+-------------------------------------------
     0 | D:1      | Maxmaps the Octopode Shapeshifter began the quest for the
                  | Orb.
     0 | D:1      | Reached XP level 1. HP: 13/13 MP: 1/1
   134 | D:1      | Reached XP level 2. HP: 15/19 MP: 2/2
   501 | D:2      | Reached XP level 3. HP: 26/26 MP: 3/3
   793 | D:2      | Noticed Terence
   803 | D:2      | Killed Terence
   804 | D:2      | Reached XP level 4. HP: 10/33 MP: 4/4
   914 | D:2      | Found a faded altar of an unknown god.
   977 | D:2      | Slain by a gnoll

Illustrated notes

Levels and vault maps discovered:
D:1:      dpeg_arrival_simpleton_c, layout_rooms
D:2:      layout_basic, ebering_ecumenical_altar_box, basic_altar,
          minmay_tetromino_s2, uniq_terence

Skill      XL: |  1  2 |
---------------+-------+-----
Fighting       | 2 3 |  3.9
Dodging        | |  2.0
Unarmed Combat | |  3.0
Shapeshifting  | |  3.0

Action                     |  1- 3 |  4- 6 || total
---------------------------+-------+-------++-------
  Melee: Unarmed           |    47 |     6 ||    53
         Constrict         |     8 |     2 ||    10
         Tentacles         |    10 |     3 ||    13
         Punch             |     3 |       ||     3
   Stab: Sleeping          |    10 |     1 ||    11
 Armour: Skin              |     1 |       ||     1
  Dodge: Dodged            |    19 |     2 ||    21

Table legend: (Time is in decaauts)
 A = Elapsed time spent in this place.
 B = Non-inter-level travel time spent in this place.
 C = Inter-level travel time spent in this place.
 D = Time resting spent in this place.
 E = Time spent auto-exploring this place.
 F = Levels seen in this place.
 G = Mean time per level.
                   A        B        C        D        E       F      G
               +--------+--------+--------+--------+--------+-----+--------+
         Total |    973 |    958 |     15 |     90 |    672 |   2 |  486.5 |
       Dungeon |    973 |    958 |     15 |     90 |    672 |   2 |  486.5 |
               +--------+--------+--------+--------+--------+-----+--------+

Top non-repeatable levels by time:
     D:1: 497 daAuts
     D:2: 476 daAuts
